Mulligans vs Punishers
Created - April 1, 2018 at 19:03
Goals
|
| Mulligans |
1 |
2 |
1 |
4 |
| Punishers |
1 |
1 |
1 |
3 |
|
Shots
|
| Mulligans |
11 |
20 |
20 |
51 |
| Punishers |
7 |
5 |
11 |
23 |
|
1st period
1. Mulligans , Drayson Bowman 23 (Benn Ferriero 21, Matt Niskanen 41) at 4:10
2. Punishers , Robbie Earl 33 (Tanner Glass 36) at 19:34
Penalties :
Mattias Tedenby (Pro) for Hooking (Minor) at 6:16, Eric Tangradi (Rep) for Roughing (Minor) at 6:35, Garret Ross (Pro) for Unsportsmanlike conduct (Minor) at 9:06, Casey Cizikas (Pro) for Goalie Interference (Minor) at 18:42, Maxime Macenauer (Rep) for Hooking (Minor) at 18:57
2nd period
3. Punishers , David Rundblad 10 (Mark McNeill 6) at 1:51
4. Mulligans , Matt Beleskey 20 (Anton Lander 30) at 7:34
5. Mulligans , Derek Dorsett 12 (Matt Niskanen 42, Anton Lander 31) at 8:20
Penalties :
Casey Cizikas (Pro) for Cross-checking (Minor) at 12:32
3rd period
6. Punishers , Miikka Salomaki 11 (Mattias Tedenby 44, David Laliberté 40) at 1:47 (SH)
7. Mulligans , Eric Tangradi 48 (Maxime Macenauer 39, Jonathan Tremblay 33) at 12:51
Penalties :
David Rundblad (Pro) for Hooking (Minor) at 0:21, Robbie Earl (Pro) for Interference (Minor) at 10:25
Goalie Stats
Anders Lindback (Rep), 20 saves from 23 shots - (0.870), W, 27-18-2, 60:00 minutes
Louis Domingue (Pro), 47 saves from 51 shots - (0.922), L, 5-5-1, 60:00 minutes
Players Stats for Mulligans
Player Name G A P +/- PIM S H SB GA TA FO MP PP MP PK MP
------------------------------------------------------------------------------------
Adam Lowry 0 0 0 0 0 0 0 0 0 0 0/0 0:00 0:00 0:00
Anton Lander 0 2 2 0 0 5 0 0 1 1 8/11 16:39 3:40 0:09
Benn Ferriero 0 1 1 1 0 2 1 0 0 0 0/0 11:05 0:00 0:00
Cade Fairchild 0 0 0 1 0 2 2 0 2 0 0/0 19:26 2:58 0:25
Christoph Bertschy 0 0 0 0 0 1 0 1 0 0 0/1 7:28 0:00 0:00
Cody Goloubef 0 0 0 1 0 2 2 1 0 2 0/0 19:26 2:58 0:25
Dalton Thrower 0 0 0 0 0 1 2 1 0 0 0/0 13:42 0:00 0:00
Darren Dietz 0 0 0 0 0 1 0 0 2 0 0/0 13:17 0:00 0:00
Derek Dorsett 1 0 1 0 0 3 3 0 0 1 0/0 16:20 3:40 0:00
Drayson Bowman 1 0 1 1 0 4 1 0 0 0 0/0 11:05 0:00 0:00
Eric Tangradi 1 0 1 0 2 7 5 0 2 0 2/8 22:17 4:39 0:06
Jonathan Tremblay 0 1 1 0 0 7 3 0 0 0 1/1 23:10 4:34 0:13
Joonas Donskoi 0 0 0 0 0 0 0 0 0 0 0/1 1:46 0:16 0:19
Logan Shaw 0 0 0 0 0 0 2 0 1 0 0/0 7:28 0:00 0:00
Mario Lucia 0 0 0 0 0 0 0 0 0 0 0/0 0:38 0:00 0:10
Matt Beleskey 1 0 1 0 0 3 1 0 0 1 0/0 17:11 3:40 0:09
Matt Niskanen 0 2 2 0 0 4 2 3 2 3 0/0 27:08 5:32 0:09
Maxime Macenauer 0 1 1 1 2 5 5 2 1 1 17/30 21:27 4:49 0:00
Nick Shore 0 0 0 1 0 0 1 0 1 0 1/2 11:05 0:00 0:00
Reid Boucher 0 0 0 0 0 0 0 0 0 0 0/0 0:59 0:10 0:00
Sven Baertschi 0 0 0 0 0 0 0 0 0 0 0/0 7:31 0:00 0:02
Thomas Hickey 0 0 0 0 0 4 0 2 1 1 0/0 26:52 5:32 0:09
Players Stats for Punishers
Player Name G A P +/- PIM S H SB GA TA FO MP PP MP PK MP
------------------------------------------------------------------------------------
Adam McQuaid 0 0 0 0 0 3 2 1 1 1 0/0 30:14 0:19 5:00
Carter Ashton 0 0 0 0 0 0 0 0 0 0 0/0 0:49 0:00 0:00
Casey Cizikas 0 0 0 0 4 1 4 1 0 0 10/25 17:45 0:11 0:47
Colton Gillies 0 0 0 0 0 0 0 0 0 0 0/0 0:00 0:00 0:00
Dan Bertram 0 0 0 0 0 0 0 0 0 0 0/0 0:00 0:00 0:00
David Laliberté 0 1 1 0 0 1 3 1 2 1 0/0 19:23 0:10 1:35
David Rundblad 1 0 1 0 2 5 6 1 0 3 0/0 28:46 0:19 3:22
Dylan DeMelo 0 0 0 0 0 0 1 0 0 0 0/0 1:02 0:00 0:00
Erik Nystrom 0 0 0 0 0 0 2 0 0 0 0/0 9:07 0:00 0:23
Garret Ross 0 0 0 1 2 1 2 0 1 0 0/0 11:44 0:00 1:29
Jordan Schmaltz 0 0 0 -2 0 0 2 3 0 2 0/0 20:09 0:15 4:34
Luke Adam 0 0 0 -3 0 0 0 0 0 0 2/6 12:10 0:23 0:00
Mark Jankowski 0 0 0 0 0 0 0 0 0 0 0/0 0:17 0:00 0:00
Mark McNeill 0 1 1 0 0 0 0 0 0 0 0/0 8:26 0:00 0:00
Mattias Tedenby 0 1 1 -3 2 0 0 0 1 1 0/0 13:53 0:23 1:35
Miikka Salomaki 1 0 1 1 0 2 1 0 0 0 2/2 12:17 0:00 1:52
Nick Schultz 0 0 0 1 0 0 0 0 0 1 0/0 4:58 0:00 0:40
Oscar Sundqvist 0 0 0 0 0 1 1 0 1 1 2/4 9:39 0:00 0:00
Radek Faksa 0 0 0 0 0 1 2 0 0 0 1/1 8:50 0:00 0:24
Robbie Earl 1 0 1 1 2 3 1 0 4 1 6/14 23:36 0:11 3:55
Stefan Elliott 0 0 0 -1 0 0 2 2 0 2 0/0 22:30 0:15 3:14
Tanner Glass 0 1 1 -2 0 5 2 0 0 0 2/2 19:53 0:24 5:00
Trevor Van Riemsdyk 0 0 0 0 0 0 0 2 0 0 0/0 12:32 0:00 0:10
3 Stars
1 - Matt Niskanen (Rep)
2 - Drayson Bowman (Rep)
3 - Derek Dorsett (Rep)
Power Play
Mulligans - 0 on 6 Attempt(s) - 0.00%
Punishers - 0 on 2 Attempt(s) - 0.00%
Penalty Kill
Mulligans - 2 on 2 Attempt(s) - 100.00%
- Score 0 goal in Penalty Kill
Punishers - 6 on 6 Attempt(s) - 100.00%
- Score 1 goal in Penalty Kill
Team Stat
Mulligans - Hits : 30 - Faceoff Wins : 29 - Blocked Shots : 10 - Penalty Minutes : 4
Punishers - Hits : 31 - Faceoff Wins : 25 - Blocked Shots : 11 - Penalty Minutes : 12
Official
Referees : Ciamaga Chris and McCreary Bill
Linesman : Greg Devorski and Jean Morin
Game Notes
No Game Note
Finance
Level 1 -- Attendance: 1532 (76.60%) -- Ticket Income $61,280
Level 2 -- Attendance: 691 (69.10%) -- Ticket Income $13,820
Total Attendance: 2223 (74.10%)
Total Ticket Income: $75,100
Other Income: $3,755
Total Income: $78,855
Mulligans
5 vs 5 Forward
Center Left Wing Right Wing Time % Phy DF OF
1 Maxime Macenauer Eric Tangradi Jonathan Tremblay 40 1 2 2
2 Anton Lander Matt Beleskey Derek Dorsett 30 1 2 2
3 Nick Shore Drayson Bowman Benn Ferriero 20 1 2 2
4 Christoph Bertschy Sven Baertschi Logan Shaw 10 1 2 2
5 vs 5 Defense
Defense Defense Time % Phy DF OF
1 Matt Niskanen Thomas Hickey 40 1 2 2
2 Cody Goloubef Cade Fairchild 30 1 2 2
3 Darren Dietz Dalton Thrower 20 1 2 2
4 Matt Niskanen Thomas Hickey 10 1 2 2
PowerPlay Forward
Center Left Wing Right Wing Time % Phy DF OF
1 Maxime Macenauer Eric Tangradi Jonathan Tremblay 60 1 2 2
2 Anton Lander Matt Beleskey Derek Dorsett 40 1 2 2
PowerPlay Defense
Defense Defense Time % Phy DF OF
1 Matt Niskanen Thomas Hickey 60 1 2 2
2 Cody Goloubef Cade Fairchild 40 1 2 2
Penalty Kill 4 Players Forward
Center Wing Time % Phy DF OF
1 Eric Tangradi Jonathan Tremblay 60 1 2 2
2 Maxime Macenauer Matt Beleskey 40 1 2 2
Penalty Kill 4 Players Defense
Defense Defense Time % Phy DF OF
1 Matt Niskanen Thomas Hickey 60 1 2 2
2 Cody Goloubef Cade Fairchild 40 1 2 2
Penalty Kill - 3 Players Forward
Forward Time % Phy DF OF
1 Eric Tangradi 60 1 2 2
2 Jonathan Tremblay 40 1 2 2
Penalty Kill - 3 Players Defense
Defense Defense Time % Phy DF OF
1 Matt Niskanen Thomas Hickey 60 1 2 2
2 Cody Goloubef Cade Fairchild 40 1 2 2
4 vs 4 Forward
Center Wing Time % Phy DF OF
1 Eric Tangradi Jonathan Tremblay 60 1 2 2
2 Maxime Macenauer Matt Beleskey 40 1 2 2
4 vs 4 Defense
Defense Defense Time % Phy DF OF
1 Matt Niskanen Thomas Hickey 60 1 2 2
2 Cody Goloubef Cade Fairchild 40 1 2 2
Last Minutes Offensive
Center Left Wing Right Wing Defense Defense
Maxime Macenauer Eric Tangradi Jonathan Tremblay Matt Niskanen Thomas Hickey
Last Minutes Defensive
Center Left Wing Right Wing Defense Defense
Maxime Macenauer Eric Tangradi Jonathan Tremblay Matt Niskanen Thomas Hickey
Goaltenders
Starting : Anders Lindback
Backup : Calvin Pickard
Extra Forwards
Normal : Joonas Donskoi, Reid Boucher, Mario Lucia - PP : Joonas Donskoi, Reid Boucher - PK : Mario Lucia
Extra Defensemen
Normal : Darren Dietz, Dalton Thrower, Cody Goloubef - PP : Darren Dietz - PK : Dalton Thrower, Cody Goloubef
Penalty Shots
Eric Tangradi, Jonathan Tremblay, Maxime Macenauer, Matt Beleskey, Anton Lander
Scratches
Ben Hutton (Bruised Left Leg Injury), Nick Bonino (Suspend), Marek Langhamer (Healthy)
Punishers
5 vs 5 Forward
Center Left Wing Right Wing Time % Phy DF OF
1 Casey Cizikas Robbie Earl David Laliberté 40 1 2 2
2 Luke Adam Tanner Glass Mattias Tedenby 30 1 2 2
3 Oscar Sundqvist Garret Ross Miikka Salomaki 20 1 2 2
4 Radek Faksa Erik Nystrom Mark McNeill 10 1 2 2
5 vs 5 Defense
Defense Defense Time % Phy DF OF
1 David Rundblad Adam McQuaid 40 1 2 2
2 Stefan Elliott Jordan Schmaltz 30 1 2 2
3 Trevor Van Riemsdyk David Rundblad 20 1 2 2
4 Adam McQuaid Stefan Elliott 10 1 2 2
PowerPlay Forward
Center Left Wing Right Wing Time % Phy DF OF
1 Casey Cizikas Robbie Earl David Laliberté 60 1 2 2
2 Luke Adam Tanner Glass Mattias Tedenby 40 1 2 2
PowerPlay Defense
Defense Defense Time % Phy DF OF
1 David Rundblad Adam McQuaid 60 1 2 2
2 Stefan Elliott Jordan Schmaltz 40 1 2 2
Penalty Kill 4 Players Forward
Center Wing Time % Phy DF OF
1 Robbie Earl Tanner Glass 60 1 2 2
2 David Laliberté Mattias Tedenby 40 1 2 2
Penalty Kill 4 Players Defense
Defense Defense Time % Phy DF OF
1 David Rundblad Adam McQuaid 60 1 2 2
2 Stefan Elliott Jordan Schmaltz 40 1 2 2
Penalty Kill - 3 Players Forward
Forward Time % Phy DF OF
1 Robbie Earl 60 1 2 2
2 Tanner Glass 40 1 2 2
Penalty Kill - 3 Players Defense
Defense Defense Time % Phy DF OF
1 David Rundblad Adam McQuaid 60 1 2 2
2 Stefan Elliott Jordan Schmaltz 40 1 2 2
4 vs 4 Forward
Center Wing Time % Phy DF OF
1 Robbie Earl Tanner Glass 60 1 2 2
2 David Laliberté Mattias Tedenby 40 1 2 2
4 vs 4 Defense
Defense Defense Time % Phy DF OF
1 David Rundblad Adam McQuaid 60 1 2 2
2 Stefan Elliott Jordan Schmaltz 40 1 2 2
Last Minutes Offensive
Center Left Wing Right Wing Defense Defense
Casey Cizikas Robbie Earl David Laliberté David Rundblad Adam McQuaid
Last Minutes Defensive
Center Left Wing Right Wing Defense Defense
Casey Cizikas Robbie Earl David Laliberté David Rundblad Adam McQuaid
Goaltenders
Starting : Louis Domingue
Backup : Niklas Svedberg
Extra Forwards
Normal : Carter Ashton, Mark Jankowski, Miikka Salomaki - PP : Carter Ashton, Mark Jankowski - PK : Miikka Salomaki
Extra Defensemen
Normal : Trevor Van Riemsdyk, Jordan Schmaltz, David Rundblad - PP : Trevor Van Riemsdyk - PK : Jordan Schmaltz, David Rundblad
Penalty Shots
Robbie Earl, Tanner Glass, David Laliberté, Mattias Tedenby, Casey Cizikas
Scratches
Damon Severson (Suspend), Patrick Wiercioch (Torn Left Knee Ligaments Injury)
% Time on Ice - Mulligans
Lines # - Real PCT - Wanted PCT - Time Play
Normal Forward
1 - 33% - 40% - 15:10
2 - 27% - 30% - 12:40
3 - 24% - 20% - 11:05
4 - 16% - 10% - 7:28
Normal Defense
1 - 38% - 40% - 17:44
2 - 33% - 30% - 15:13
3 - 27% - 20% - 12:31
4 - 2% - 10% - 0:55
PP Forward
1 - 57% - 60% - 4:50
2 - 43% - 40% - 3:40
PP Defense
1 - 65% - 60% - 5:32
2 - 35% - 40% - 2:58
PK Forward
1 - 74% - 60% - 0:25
2 - 26% - 40% - 0:09
PK Defense
1 - 26% - 60% - 0:09
2 - 74% - 40% - 0:25
PK3 Forward
1 - 0% - 60%
2 - 0% - 40%
PK3 Defense
1 - 0% - 60%
2 - 0% - 40%
44 Forward
1 - 79% - 60% - 2:42
2 - 21% - 40% - 0:42
44 Defense
1 - 75% - 60% - 2:34
2 - 25% - 40% - 0:50
Last Minute Offensive - 0:00
Last Minute Defensive - 1:09
Total
Forward - 60:00
Defense - 60:00
|
% Time on Ice - Punishers
Lines # - Real PCT - Wanted PCT - Time Play
Normal Forward
1 - 36% - 40% - 16:31
2 - 25% - 30% - 11:47
3 - 21% - 20% - 9:39
4 - 18% - 10% - 8:26
Normal Defense
1 - 34% - 40% - 15:45
2 - 31% - 30% - 14:33
3 - 23% - 20% - 10:49
4 - 11% - 10% - 5:16
PP Forward
1 - 32% - 60% - 0:11
2 - 68% - 40% - 0:23
PP Defense
1 - 56% - 60% - 0:19
2 - 44% - 40% - 0:15
PK Forward
1 - 81% - 60% - 6:55
2 - 19% - 40% - 1:35
PK Defense
1 - 68% - 60% - 5:45
2 - 32% - 40% - 2:45
PK3 Forward
1 - 0% - 60%
2 - 0% - 40%
PK3 Defense
1 - 0% - 60%
2 - 0% - 40%
44 Forward
1 - 76% - 60% - 2:35
2 - 24% - 40% - 0:49
44 Defense
1 - 76% - 60% - 2:35
2 - 24% - 40% - 0:49
Last Minute Offensive - 1:09
Last Minute Defensive - 0:00
Total
Forward - 60:00
Defense - 60:00
|
Play by Play
1st period
0:01 of 1st period - Casey Cizikas wins face-off versus Maxime Macenauer in neutral zone.
0:08 of 1st period - Slapshot by Casey Cizikas.
0:08 of 1st period - Stopped by Anders Lindback with a rebound.
0:10 of 1st period - Slapshot by David Rundblad.
0:10 of 1st period - Deflect By David Laliberté.
0:10 of 1st period - Deflect By Matt Niskanen.
0:10 of 1st period - Shot Blocked by Thomas Hickey.
0:10 of 1st period - Puck is out of play.
0:11 of 1st period - Anton Lander wins face-off versus Luke Adam in Mulligans zone.
0:36 of 1st period - Cody Goloubef is hit by Erik Nystrom and loses puck.
0:54 of 1st period - Wrist shot by Derek Dorsett.
0:54 of 1st period - Shot Misses the Net.
0:56 of 1st period - Slapshot by Cody Goloubef.
0:56 of 1st period - Stopped by Louis Domingue with a rebound.
0:58 of 1st period - Slapshot by Cade Fairchild.
0:58 of 1st period - Shot Misses the Net.
1:00 of 1st period - Snap shot by Cade Fairchild.
1:00 of 1st period - Stopped by Louis Domingue with a rebound.
1:22 of 1st period - Backhand shot by Jonathan Tremblay.
1:22 of 1st period - Stopped by Louis Domingue with a rebound.
1:50 of 1st period - Slapshot by Thomas Hickey.
1:50 of 1st period - Shot Blocked by David Rundblad.
1:52 of 1st period - Slapshot by Thomas Hickey.
1:52 of 1st period - Shot Blocked by Adam McQuaid.
2:32 of 1st period - Maxime Macenauer is hit by David Rundblad and loses puck.
2:47 of 1st period - Slapshot by David Rundblad.
2:47 of 1st period - Shot Misses the Net.
2:53 of 1st period - Wrist shot by Garret Ross.
2:53 of 1st period - Stopped by Anders Lindback without a rebound.
2:54 of 1st period - Oscar Sundqvist wins face-off versus Christoph Bertschy in Mulligans zone.
3:34 of 1st period - Snap shot by Matt Niskanen.
3:34 of 1st period - Stopped by Louis Domingue without a rebound.
3:35 of 1st period - Casey Cizikas wins face-off versus Maxime Macenauer in Punishers zone.
3:48 of 1st period - Maxime Macenauer is hit by Casey Cizikas and loses puck.
4:03 of 1st period - David Rundblad is hit by Benn Ferriero and loses puck.
4:10 of 1st period - Snap shot by Drayson Bowman.
4:10 of 1st period - Goal by Drayson Bowman - Mulligans : 1 - Punishers : 0.
4:11 of 1st period - Maxime Macenauer wins face-off versus Casey Cizikas in neutral zone.
4:14 of 1st period - Slapshot by Eric Tangradi.
4:14 of 1st period - Stopped by Louis Domingue without a rebound.
4:15 of 1st period - Casey Cizikas wins face-off versus Eric Tangradi in Punishers zone.
5:06 of 1st period - Benn Ferriero is hit by Garret Ross and loses puck.
5:33 of 1st period - Wrist shot by Adam McQuaid.
5:33 of 1st period - Stopped by Anders Lindback without a rebound.
5:34 of 1st period - Maxime Macenauer wins face-off versus Casey Cizikas in Mulligans zone.
5:47 of 1st period - Wrist shot by Casey Cizikas.
5:47 of 1st period - Shot Blocked by Cody Goloubef.
5:49 of 1st period - Wrist shot by David Rundblad.
5:49 of 1st period - Shot Blocked by Maxime Macenauer.
6:01 of 1st period - Tanner Glass is hit by Derek Dorsett and loses puck.
6:16 of 1st period - Minor Penalty to Mattias Tedenby for Hooking.
6:17 of 1st period - Maxime Macenauer wins face-off versus Robbie Earl in Punishers zone.
6:22 of 1st period - Slapshot by Jonathan Tremblay.
6:22 of 1st period - Stopped by Louis Domingue with a rebound.
6:35 of 1st period - Minor Penalty to Eric Tangradi for Roughing.
6:36 of 1st period - Robbie Earl wins face-off versus Joonas Donskoi in Mulligans zone.
6:36 of 1st period - Snap shot by Tanner Glass.
6:36 of 1st period - Shot Blocked by Matt Niskanen.
7:07 of 1st period - Thomas Hickey is hit by David Laliberté and loses puck.
7:28 of 1st period - David Laliberté is hit by Maxime Macenauer and loses puck.
8:02 of 1st period - Matt Niskanen is hit by David Laliberté and loses puck.
8:16 of 1st period - Penalty to Mattias Tedenby is over, Mattias Tedenby is back on ice.
8:21 of 1st period - Thomas Hickey is hit by David Rundblad and loses puck.
8:35 of 1st period - Penalty to Eric Tangradi is over, Eric Tangradi is back on ice.
9:06 of 1st period - Minor Penalty to Garret Ross for Unsportsmanlike conduct.
9:07 of 1st period - Maxime Macenauer wins face-off versus Robbie Earl in Punishers zone.
9:32 of 1st period - Stefan Elliott is hit by Matt Niskanen and loses puck.
10:33 of 1st period - Maxime Macenauer is hit by David Laliberté and loses puck.
11:06 of 1st period - Penalty to Garret Ross is over, Garret Ross is back on ice.
12:39 of 1st period - Wrist shot by Matt Beleskey.
12:39 of 1st period - Shot Misses the Net.
12:53 of 1st period - Mattias Tedenby is hit by Eric Tangradi and loses puck.
13:51 of 1st period - Maxime Macenauer is hit by Radek Faksa and loses puck.
14:28 of 1st period - Snap shot by Drayson Bowman.
14:28 of 1st period - Stopped by Louis Domingue with a rebound.
14:30 of 1st period - Slapshot by Thomas Hickey.
14:30 of 1st period - Shot Blocked by Trevor Van Riemsdyk.
14:42 of 1st period - Trevor Van Riemsdyk is hit by Eric Tangradi and loses puck.
15:02 of 1st period - Matt Beleskey is hit by David Rundblad and loses puck.
15:19 of 1st period - Logan Shaw is hit by Erik Nystrom and loses puck.
16:01 of 1st period - Dalton Thrower is hit by Tanner Glass.
16:22 of 1st period - Slapshot by Anton Lander.
16:22 of 1st period - Stopped by Louis Domingue with a rebound.
16:38 of 1st period - Cade Fairchild is hit by Miikka Salomaki and loses puck.
16:51 of 1st period - Tanner Glass is hit by Drayson Bowman.
17:25 of 1st period - Wrist shot by Benn Ferriero.
17:25 of 1st period - Deflect By Drayson Bowman.
17:25 of 1st period - Shot Blocked by Trevor Van Riemsdyk.
17:25 of 1st period - Puck is out of play.
17:26 of 1st period - Casey Cizikas wins face-off versus Maxime Macenauer in Punishers zone.
17:31 of 1st period - Eric Tangradi is hit by Casey Cizikas and loses puck.
17:40 of 1st period - Jordan Schmaltz is hit by Eric Tangradi.
17:44 of 1st period - David Laliberté is hit by Eric Tangradi and loses puck.
18:00 of 1st period - Stefan Elliott is hit by Matt Beleskey and loses puck.
18:25 of 1st period - Snap shot by Luke Adam.
18:25 of 1st period - Deflect By Tanner Glass.
18:25 of 1st period - Stopped by Anders Lindback without a rebound.
18:26 of 1st period - Maxime Macenauer wins face-off versus Casey Cizikas in Mulligans zone.
18:40 of 1st period - Slapshot by Maxime Macenauer.
18:40 of 1st period - Stopped by Louis Domingue with a rebound.
18:42 of 1st period - Minor Penalty to Casey Cizikas for Goalie Interference.
18:43 of 1st period - Robbie Earl wins face-off versus Maxime Macenauer in Punishers zone.
18:43 of 1st period - Robbie Earl is hit by Maxime Macenauer.
18:57 of 1st period - Minor Penalty to Maxime Macenauer for Hooking.
18:58 of 1st period - Eric Tangradi wins face-off versus Robbie Earl in Mulligans zone.
19:05 of 1st period - Wrist shot by Eric Tangradi.
19:05 of 1st period - Shot Misses the Net.
19:10 of 1st period - Off-side.
19:11 of 1st period - Robbie Earl wins face-off versus Eric Tangradi in neutral zone.
19:18 of 1st period - Snap shot by Tanner Glass.
19:18 of 1st period - Shot Misses the Net.
19:20 of 1st period - Snap shot by Adam McQuaid.
19:20 of 1st period - Deflect By Robbie Earl.
19:20 of 1st period - Shot Misses the Net.
19:20 of 1st period - Puck is out of play.
19:21 of 1st period - Robbie Earl wins face-off versus Eric Tangradi in Mulligans zone.
19:22 of 1st period - Snap shot by Tanner Glass.
19:22 of 1st period - Stopped by Anders Lindback with a rebound.
19:34 of 1st period - Snap shot by Robbie Earl.
19:34 of 1st period - Goal by Robbie Earl - Mulligans : 1 - Punishers : 1.
19:35 of 1st period - Tanner Glass wins face-off versus Eric Tangradi in neutral zone.
19:44 of 1st period - Slapshot by David Rundblad.
19:44 of 1st period - Stopped by Anders Lindback with a rebound.
19:50 of 1st period - Snap shot by Jonathan Tremblay.
19:50 of 1st period - Stopped by Louis Domingue with a rebound.
Goals for this period are 1 for Mulligans vs 1 for Punishers.
Shots for this period are 11 for Mulligans vs 7 for Punishers.
2nd period
0:01 of 2nd period - Eric Tangradi wins face-off versus Robbie Earl in neutral zone.
0:42 of 2nd period - Penalty to Casey Cizikas is over, Casey Cizikas is back on ice.
0:57 of 2nd period - Penalty to Maxime Macenauer is over, Maxime Macenauer is back on ice.
1:12 of 2nd period - Slapshot by Drayson Bowman.
1:12 of 2nd period - Shot Misses the Net.
1:30 of 2nd period - David Rundblad is hit by Logan Shaw and loses puck.
1:37 of 2nd period - Slapshot by Cody Goloubef.
1:37 of 2nd period - Stopped by Louis Domingue with a rebound.
1:39 of 2nd period - Slapshot by Cade Fairchild.
1:39 of 2nd period - Stopped by Louis Domingue with a rebound.
1:41 of 2nd period - Snap shot by Christoph Bertschy.
1:41 of 2nd period - Stopped by Louis Domingue with a rebound.
1:51 of 2nd period - Snap shot by David Rundblad.
1:51 of 2nd period - Goal by David Rundblad - Mulligans : 1 - Punishers : 2.
1:52 of 2nd period - Maxime Macenauer wins face-off versus Casey Cizikas in neutral zone.
2:25 of 2nd period - Off-side.
2:26 of 2nd period - Luke Adam wins face-off versus Maxime Macenauer in neutral zone.
3:00 of 2nd period - Slapshot by Matt Beleskey.
3:00 of 2nd period - Stopped by Louis Domingue without a rebound.
3:01 of 2nd period - Anton Lander wins face-off versus Casey Cizikas in Punishers zone.
3:06 of 2nd period - Backhand shot by Anton Lander.
3:06 of 2nd period - Shot Misses the Net.
3:08 of 2nd period - Snap shot by Matt Niskanen.
3:08 of 2nd period - Stopped by Louis Domingue with a rebound.
3:10 of 2nd period - Wrist shot by Derek Dorsett.
3:10 of 2nd period - Stopped by Louis Domingue with a rebound.
3:12 of 2nd period - Slapshot by Matt Niskanen.
3:12 of 2nd period - Stopped by Louis Domingue without a rebound.
3:13 of 2nd period - Maxime Macenauer wins face-off versus Casey Cizikas in Punishers zone.
3:14 of 2nd period - Slapshot by Thomas Hickey.
3:14 of 2nd period - Stopped by Louis Domingue with a rebound.
3:38 of 2nd period - Derek Dorsett is hit by Garret Ross and loses puck.
4:24 of 2nd period - Snap shot by David Laliberté.
4:24 of 2nd period - Shot Misses the Net.
4:30 of 2nd period - Slapshot by Benn Ferriero.
4:30 of 2nd period - Stopped by Louis Domingue with a rebound.
4:50 of 2nd period - Snap shot by Eric Tangradi.
4:50 of 2nd period - Stopped by Louis Domingue with a rebound.
4:52 of 2nd period - Slapshot by Thomas Hickey.
4:52 of 2nd period - Stopped by Louis Domingue without a rebound.
4:53 of 2nd period - Anton Lander wins face-off versus Luke Adam in Punishers zone.
4:54 of 2nd period - Snap shot by Matt Beleskey.
4:54 of 2nd period - Shot Blocked by Stefan Elliott.
4:56 of 2nd period - Snap shot by Derek Dorsett.
4:56 of 2nd period - Deflect By Matt Beleskey.
4:56 of 2nd period - Shot Blocked by Stefan Elliott.
4:56 of 2nd period - Puck is out of play.
4:57 of 2nd period - Tanner Glass wins face-off versus Anton Lander in Punishers zone.
5:27 of 2nd period - Stefan Elliott is hit by Matt Niskanen and loses puck.
5:44 of 2nd period - Wrist shot by Derek Dorsett.
5:44 of 2nd period - Shot Blocked by Jordan Schmaltz.
5:46 of 2nd period - Slapshot by Derek Dorsett.
5:46 of 2nd period - Shot Blocked by Jordan Schmaltz.
5:50 of 2nd period - Wrist shot by Anton Lander.
5:50 of 2nd period - Stopped by Louis Domingue without a rebound.
5:51 of 2nd period - Maxime Macenauer wins face-off versus Casey Cizikas in Punishers zone.
6:16 of 2nd period - Drayson Bowman is hit by Oscar Sundqvist and loses puck.
6:45 of 2nd period - Wrist shot by David Rundblad.
6:45 of 2nd period - Deflect By Darren Dietz.
6:45 of 2nd period - Stopped by Anders Lindback with a rebound.
6:47 of 2nd period - Slapshot by David Rundblad.
6:47 of 2nd period - Stopped by Anders Lindback with a rebound.
6:57 of 2nd period - Slapshot by Maxime Macenauer.
6:57 of 2nd period - Stopped by Louis Domingue with a rebound.
7:30 of 2nd period - Off-side.
7:31 of 2nd period - Anton Lander wins face-off versus Luke Adam in neutral zone.
7:34 of 2nd period - Snap shot by Matt Beleskey.
7:34 of 2nd period - Goal by Matt Beleskey - Mulligans : 2 - Punishers : 2.
7:35 of 2nd period - Maxime Macenauer wins face-off versus Casey Cizikas in neutral zone.
7:47 of 2nd period - Slapshot by Thomas Hickey.
7:47 of 2nd period - Stopped by Louis Domingue without a rebound.
7:48 of 2nd period - Casey Cizikas wins face-off versus Maxime Macenauer in Punishers zone.
7:57 of 2nd period - Snap shot by Jonathan Tremblay.
7:57 of 2nd period - Stopped by Louis Domingue with a rebound.
8:18 of 2nd period - Snap shot by Anton Lander.
8:18 of 2nd period - Stopped by Louis Domingue with a rebound.
8:20 of 2nd period - Slapshot by Matt Niskanen.
8:20 of 2nd period - Deflect By Derek Dorsett.
8:20 of 2nd period - Goal by Derek Dorsett - Mulligans : 3 - Punishers : 2.
8:21 of 2nd period - Casey Cizikas wins face-off versus Maxime Macenauer in neutral zone.
8:32 of 2nd period - Casey Cizikas is hit by Jonathan Tremblay and loses puck.
8:51 of 2nd period - Tanner Glass is hit by Derek Dorsett and loses puck.
8:58 of 2nd period - Wrist shot by Anton Lander.
8:58 of 2nd period - Stopped by Louis Domingue without a rebound.
8:59 of 2nd period - Nick Shore wins face-off versus Casey Cizikas in Punishers zone.
9:23 of 2nd period - Icing by Robbie Earl.
9:24 of 2nd period - Casey Cizikas wins face-off versus Maxime Macenauer in Punishers zone.
10:15 of 2nd period - David Rundblad is hit by Cade Fairchild and loses puck.
10:24 of 2nd period - Slapshot by Drayson Bowman.
10:24 of 2nd period - Stopped by Louis Domingue with a rebound.
10:26 of 2nd period - Snap shot by Dalton Thrower.
10:26 of 2nd period - Shot Blocked by David Laliberté.
10:38 of 2nd period - Snap shot by Jonathan Tremblay.
10:38 of 2nd period - Deflect By Eric Tangradi.
10:38 of 2nd period - Shot Misses the Net.
10:38 of 2nd period - Puck is out of play.
10:39 of 2nd period - Radek Faksa wins face-off versus Maxime Macenauer in Punishers zone.
11:32 of 2nd period - Cade Fairchild is hit by Adam McQuaid.
12:13 of 2nd period - Snap shot by Adam McQuaid.
12:13 of 2nd period - Stopped by Anders Lindback without a rebound.
12:14 of 2nd period - Maxime Macenauer wins face-off versus Robbie Earl in Mulligans zone.
12:32 of 2nd period - Minor Penalty to Casey Cizikas for Cross-checking.
12:33 of 2nd period - Robbie Earl wins face-off versus Eric Tangradi in Punishers zone.
13:21 of 2nd period - Adam McQuaid is hit by Jonathan Tremblay and loses puck.
14:32 of 2nd period - Penalty to Casey Cizikas is over, Casey Cizikas is back on ice.
15:24 of 2nd period - Drayson Bowman is hit by Radek Faksa and loses puck.
15:47 of 2nd period - Tanner Glass is hit by Jonathan Tremblay and loses puck.
16:04 of 2nd period - Derek Dorsett is hit by Stefan Elliott and loses puck.
16:34 of 2nd period - Drayson Bowman is hit by Adam McQuaid and loses puck.
17:13 of 2nd period - Christoph Bertschy is hit by Dylan DeMelo and loses puck.
17:47 of 2nd period - Maxime Macenauer is hit by Casey Cizikas and loses puck.
18:33 of 2nd period - Snap shot by Mark McNeill.
18:33 of 2nd period - Shot Blocked by Thomas Hickey.
18:35 of 2nd period - Snap shot by Mark McNeill.
18:35 of 2nd period - Shot Blocked by Christoph Bertschy.
18:37 of 2nd period - Slapshot by Adam McQuaid.
18:37 of 2nd period - Shot Misses the Net.
19:15 of 2nd period - Snap shot by Eric Tangradi.
19:15 of 2nd period - Shot Misses the Net.
19:29 of 2nd period - Snap shot by Robbie Earl.
19:29 of 2nd period - Stopped by Anders Lindback with a rebound.
19:50 of 2nd period - Icing by Robbie Earl.
19:51 of 2nd period - Luke Adam wins face-off versus Nick Shore in Punishers zone.
19:51 of 2nd period - Luke Adam is hit by Dalton Thrower.
Goals for this period are 2 for Mulligans vs 1 for Punishers.
Shots for this period are 20 for Mulligans vs 5 for Punishers.
3rd period
0:01 of 3rd period - Maxime Macenauer wins face-off versus Casey Cizikas in neutral zone.
0:15 of 3rd period - Wrist shot by Eric Tangradi.
0:15 of 3rd period - Stopped by Louis Domingue with a rebound.
0:21 of 3rd period - Minor Penalty to David Rundblad for Hooking.
0:22 of 3rd period - Maxime Macenauer wins face-off versus Robbie Earl in Punishers zone.
0:53 of 3rd period - Matt Beleskey is hit by Jordan Schmaltz and loses puck.
1:24 of 3rd period - Tanner Glass is hit by Eric Tangradi and loses puck.
1:47 of 3rd period - Slapshot by Miikka Salomaki.
1:47 of 3rd period - Goal by Miikka Salomaki - Mulligans : 3 - Punishers : 3.
1:48 of 3rd period - Maxime Macenauer wins face-off versus Robbie Earl in neutral zone.
1:53 of 3rd period - Robbie Earl is hit by Maxime Macenauer and loses puck.
1:58 of 3rd period - Slapshot by Maxime Macenauer.
1:58 of 3rd period - Stopped by Louis Domingue without a rebound.
1:59 of 3rd period - Robbie Earl wins face-off versus Eric Tangradi in Punishers zone.
2:06 of 3rd period - Snap shot by Jonathan Tremblay.
2:06 of 3rd period - Stopped by Louis Domingue with a rebound.
2:08 of 3rd period - Snap shot by Maxime Macenauer.
2:08 of 3rd period - Stopped by Louis Domingue with a rebound.
2:10 of 3rd period - Wrist shot by Eric Tangradi.
2:10 of 3rd period - Stopped by Louis Domingue without a rebound.
2:11 of 3rd period - Maxime Macenauer wins face-off versus Robbie Earl in Punishers zone.
2:21 of 3rd period - Penalty to David Rundblad is over, David Rundblad is back on ice.
2:38 of 3rd period - Wrist shot by Oscar Sundqvist.
2:38 of 3rd period - Stopped by Anders Lindback with a rebound.
2:40 of 3rd period - Slapshot by Miikka Salomaki.
2:40 of 3rd period - Stopped by Anders Lindback without a rebound.
2:41 of 3rd period - Anton Lander wins face-off versus Oscar Sundqvist in Mulligans zone.
3:55 of 3rd period - Snap shot by Adam McQuaid.
3:55 of 3rd period - Deflect By Anton Lander.
3:55 of 3rd period - Stopped by Anders Lindback with a rebound.
4:09 of 3rd period - Garret Ross is hit by Logan Shaw and loses puck.
4:16 of 3rd period - Snap shot by Logan Shaw.
4:16 of 3rd period - Shot Misses the Net.
4:36 of 3rd period - Snap shot by David Laliberté.
4:36 of 3rd period - Stopped by Anders Lindback with a rebound.
5:20 of 3rd period - Slapshot by Derek Dorsett.
5:20 of 3rd period - Shot Misses the Net.
5:22 of 3rd period - Snap shot by Anton Lander.
5:22 of 3rd period - Stopped by Louis Domingue with a rebound.
5:24 of 3rd period - Slapshot by Derek Dorsett.
5:24 of 3rd period - Shot Misses the Net.
5:26 of 3rd period - Snap shot by Derek Dorsett.
5:26 of 3rd period - Stopped by Louis Domingue with a rebound.
5:36 of 3rd period - Dalton Thrower is hit by Jordan Schmaltz and loses puck.
5:43 of 3rd period - Slapshot by Darren Dietz.
5:43 of 3rd period - Stopped by Louis Domingue with a rebound.
6:01 of 3rd period - Snap shot by David Laliberté.
6:01 of 3rd period - Shot Misses the Net.
6:17 of 3rd period - Stefan Elliott is hit by Dalton Thrower and loses puck.
6:41 of 3rd period - Trevor Van Riemsdyk is hit by Derek Dorsett and loses puck.
7:08 of 3rd period - Maxime Macenauer is hit by David Rundblad and loses puck.
7:23 of 3rd period - Snap shot by Radek Faksa.
7:23 of 3rd period - Stopped by Anders Lindback without a rebound.
7:24 of 3rd period - Anton Lander wins face-off versus Casey Cizikas in Mulligans zone.
8:03 of 3rd period - Benn Ferriero is hit by Tanner Glass and loses puck.
8:14 of 3rd period - Adam McQuaid is hit by Maxime Macenauer and loses puck.
8:25 of 3rd period - Slapshot by Matt Niskanen.
8:25 of 3rd period - Shot Misses the Net.
9:17 of 3rd period - Snap shot by Drayson Bowman.
9:17 of 3rd period - Stopped by Louis Domingue with a rebound.
9:35 of 3rd period - Snap shot by Robbie Earl.
9:35 of 3rd period - Stopped by Anders Lindback without a rebound.
9:36 of 3rd period - Anton Lander wins face-off versus Oscar Sundqvist in Mulligans zone.
9:47 of 3rd period - Miikka Salomaki is hit by Cade Fairchild and loses puck.
10:02 of 3rd period - Cody Goloubef is hit by Casey Cizikas.
10:25 of 3rd period - Minor Penalty to Robbie Earl for Interference.
10:26 of 3rd period - Miikka Salomaki wins face-off versus Maxime Macenauer in Punishers zone.
10:41 of 3rd period - Slapshot by Thomas Hickey.
10:41 of 3rd period - Shot Misses the Net.
11:36 of 3rd period - Jordan Schmaltz is hit by Cody Goloubef and loses puck.
12:12 of 3rd period - Icing by Anton Lander.
12:13 of 3rd period - Miikka Salomaki wins face-off versus Anton Lander in Mulligans zone.
12:16 of 3rd period - Wrist shot by Miikka Salomaki.
12:16 of 3rd period - Shot Blocked by Matt Niskanen.
12:22 of 3rd period - Snap shot by Thomas Hickey.
12:22 of 3rd period - Deflect By Stefan Elliott.
12:22 of 3rd period - Stopped by Louis Domingue with a rebound.
12:24 of 3rd period - Slapshot by Matt Niskanen.
12:24 of 3rd period - Stopped by Louis Domingue with a rebound.
12:25 of 3rd period - Penalty to Robbie Earl is over, Robbie Earl is back on ice.
12:26 of 3rd period - Slapshot by Matt Niskanen.
12:26 of 3rd period - Deflect By Anton Lander.
12:26 of 3rd period - Shot Misses the Net.
12:26 of 3rd period - Puck is out of play.
12:27 of 3rd period - Maxime Macenauer wins face-off versus Casey Cizikas in Punishers zone.
12:30 of 3rd period - Snap shot by Jonathan Tremblay.
12:30 of 3rd period - Stopped by Louis Domingue with a rebound.
12:33 of 3rd period - Icing by Robbie Earl.
12:34 of 3rd period - Jonathan Tremblay wins face-off versus Casey Cizikas in Punishers zone.
12:37 of 3rd period - Snap shot by Eric Tangradi.
12:37 of 3rd period - Deflect By Jonathan Tremblay.
12:37 of 3rd period - Shot Blocked by Jordan Schmaltz.
12:37 of 3rd period - Puck is out of play.
12:38 of 3rd period - Casey Cizikas wins face-off versus Maxime Macenauer in Punishers zone.
12:49 of 3rd period - Wrist shot by Eric Tangradi.
12:49 of 3rd period - Stopped by Louis Domingue with a rebound.
12:51 of 3rd period - Snap shot by Eric Tangradi.
12:51 of 3rd period - Goal by Eric Tangradi - Mulligans : 4 - Punishers : 3.
12:52 of 3rd period - Maxime Macenauer wins face-off versus Casey Cizikas in neutral zone.
13:01 of 3rd period - David Laliberté is hit by Maxime Macenauer.
13:22 of 3rd period - Snap shot by Tanner Glass.
13:22 of 3rd period - Stopped by Anders Lindback without a rebound.
13:23 of 3rd period - Anton Lander wins face-off versus Luke Adam in Mulligans zone.
13:23 of 3rd period - Anton Lander is hit by Stefan Elliott.
14:03 of 3rd period - Snap shot by David Laliberté.
14:03 of 3rd period - Shot Misses the Net.
14:05 of 3rd period - Slapshot by Stefan Elliott.
14:05 of 3rd period - Shot Blocked by Maxime Macenauer.
14:34 of 3rd period - Thomas Hickey is hit by David Rundblad.
14:40 of 3rd period - Snap shot by Radek Faksa.
14:40 of 3rd period - Shot Blocked by Matt Niskanen.
15:59 of 3rd period - Snap shot by Tanner Glass.
15:59 of 3rd period - Stopped by Anders Lindback with a rebound.
16:01 of 3rd period - Wrist shot by Mattias Tedenby.
16:01 of 3rd period - Shot Blocked by Dalton Thrower.
16:05 of 3rd period - Slapshot by Tanner Glass.
16:05 of 3rd period - Stopped by Anders Lindback with a rebound.
16:29 of 3rd period - Trevor Van Riemsdyk is hit by Nick Shore and loses puck.
17:02 of 3rd period - Snap shot by David Rundblad.
17:02 of 3rd period - Stopped by Anders Lindback without a rebound.
17:03 of 3rd period - Casey Cizikas wins face-off versus Anton Lander in Mulligans zone.
17:48 of 3rd period - Slapshot by Benn Ferriero.
17:48 of 3rd period - Stopped by Louis Domingue with a rebound.
17:50 of 3rd period - Slapshot by Cody Goloubef.
17:50 of 3rd period - Shot Misses the Net.
17:54 of 3rd period - Slapshot by Jonathan Tremblay.
17:54 of 3rd period - Stopped by Louis Domingue without a rebound.
17:55 of 3rd period - Oscar Sundqvist wins face-off versus Maxime Macenauer in Punishers zone.
18:22 of 3rd period - Benn Ferriero is hit by Robbie Earl and loses puck.
18:43 of 3rd period - Tanner Glass is hit by Cody Goloubef and loses puck.
18:48 of 3rd period - Slapshot by Matt Beleskey.
18:48 of 3rd period - Stopped by Louis Domingue with a rebound.
18:50 of 3rd period - Slapshot by Dalton Thrower.
18:50 of 3rd period - Stopped by Louis Domingue without a rebound.
18:51 of 3rd period - Mike Yeo call a timeout for Punishers.
18:51 of 3rd period - Maxime Macenauer wins face-off versus Casey Cizikas in Punishers zone.
19:28 of 3rd period - Wrist shot by Maxime Macenauer.
19:28 of 3rd period - Stopped by Louis Domingue with a rebound.
19:32 of 3rd period - Backhand shot by Eric Tangradi.
19:32 of 3rd period - Stopped by Louis Domingue with a rebound.
19:34 of 3rd period - Snap shot by Jonathan Tremblay.
19:34 of 3rd period - Shot Misses the Net.
19:36 of 3rd period - Snap shot by Jonathan Tremblay.
19:36 of 3rd period - Deflect By Robbie Earl.
19:36 of 3rd period - Shot Blocked by Casey Cizikas.
19:36 of 3rd period - Puck is out of play.
19:37 of 3rd period - Casey Cizikas wins face-off versus Maxime Macenauer in Punishers zone.
19:42 of 3rd period - Matt Niskanen is hit by David Rundblad.
Goals for this period are 1 for Mulligans vs 1 for Punishers.
Shots for this period are 20 for Mulligans vs 11 for Punishers.
Back to the Top